 Dungeon Crawl Stone Soup version 0.29.1-15-g9cfb28693d (webtiles) character file.

Game seed: 14821567475683898081

26 Mysteryquy the Chopper (level 3, -1/33 HPs)
             Began as a Hill Orc Monk on Apr 26, 2023.
             Killed from afar by Sigmund (9 damage)
             ... with a puff of flame
             ... on level 2 of the Dungeon.
             The game lasted 00:01:18 (1324 turns).

Mysteryquy the Chopper (Hill Orc Monk)              Turns: 1324, Time: 00:01:19

Health: -1/33      AC:  3    Str: 15    XL:     3   Next: 8%
Magic:  3/3        EV: 12    Int: 10    God:
Gold:   67         SH:  0    Dex: 13    Spells: 2/2 levels left

rFire   . . .      SeeInvis .   a - +0 hand axe
rCold   . . .      Faith    .   (no shield)
rNeg    . . .      Spirit   .   b - +0 robe
rPois   .          Reflect  .   (no helmet)
rElec   .          Harm     .   (no cloak)
rCorr   .          Rampage  .   e - +0 pair of gloves
Will    .....                   (no boots)
Stlth   ++........              (no amulet)
HPRegen 0.11/turn               (no ring)
MPRegen 0.08/turn               (no ring)

@: no status effects
A: no striking features
a: no special abilities


You were on level 2 of the Dungeon.
You visited 1 branch of the dungeon, and saw 2 of its levels.

You collected 119 gold pieces.
You spent 52 gold pieces at shops.

Inventory:

Hand Weapons
 a - a +0 hand axe (weapon)
Armour
 b - a +0 robe (worn)
 e - a +0 pair of gloves (worn)
Scrolls
 f - a scroll of enchant weapon {unknown}
Potions
 c - a potion of ambrosia
 d - a potion of flight {unknown}
 g - a potion of lignification {unknown}
 h - a potion of heal wounds {unknown}
 i - 2 potions of curing
 j - 2 potions of degeneration
 k - a potion of mutation {unknown}


   Skills:
 + Level 4.1 Fighting
 + Level 4.5 Axes
 + Level 2.7 Dodging
 + Level 1.7 Stealth


You had 2 spell levels left.
You didn't know any spells.
Your spell library was empty.

Dungeon Overview and Level Annotations

Branches:
Dungeon (2/15)

Altars:

Shops:
D:1 !

Annotations:
D:2 Sigmund


Message History

You bump into the rock wall.
Sigmund breathes a few words.
Sigmund's hands start flickering wildly.
You're too confused to move!
You bump into the rock wall.
You feel less confused.
You feel better. Sigmund closely misses you.
Sigmund gestures at you while chanting. You resist with significant effort.
You closely miss Sigmund. Sigmund casts a spell at you.
You are confused.
You bump into the rock wall.
Sigmund completely misses you.
You bump into the rock wall.
Sigmund hits you from afar with a +0 scythe!
Sigmund closely misses you.
You bump into the rock wall.
You hit Sigmund but do no damage.
Sigmund screams, "Don't try to resist!"
Sigmund gestures at you while chanting.
You are more confused.
You bump into the rock wall.
Sigmund gestures at you while chanting. You resist with significant effort.
You hit Sigmund.
Sigmund is lightly wounded.
Sigmund casts a spell.
Sigmund flickers and vanishes!
Deactivating autopickup; reactivate with Ctrl-A.
You barely miss something. Something hits you!
You miss something. Something hits you but does no damage.
You bump into the rock wall.
Something hits you!
* * * LOW HITPOINT WARNING * * *
You bump into the rock wall.
You feel less confused. Something hits you.
* * * LOW HITPOINT WARNING * * *
A puff of flame appears from out of thin air!
The puff of flame hits you!
You die...

#+# #.#. #.#.### #
#####.#...#
#.#.....###.#######.
#......{............
####@#######..#####.
#....# ##.......
####.# ....).. #.#
.....#. #.# ..>..#
#.# @....#
#.#######+###
###.#.....#
#...#.###.#


There were no monsters in sight!

Vanquished Creatures
  A dart slug (D:1)
  2 bats (D:1)
  3 endoplasms (D:1)
  A giant cockroach (D:1)
  6 goblins (D:1)
  A hobgoblin (D:1)
  2 ball pythons
  2 frilled lizards (D:1)
  3 kobolds (D:1)
  3 rats (D:1)
24 creatures vanquished.

Notes
Turn   | Place    | Note
-------+----------+-------------------------------------------
     0 | D:1      | Mysteryquy the Hill Orc Monk began the quest for the Orb.
     0 | D:1      | Reached XP level 1. HP: 19/19 MP: 1/1
    76 | D:1      | Reached XP level 2. HP: 10/27 MP: 2/2
   772 | D:1      | Found Ypoy's Distillery.
   780 | D:1      | Bought a potion of degeneration for 13 gold pieces
   780 | D:1      | Bought a potion of curing for 39 gold pieces
   783 | D:1      | Reached XP level 3. HP: 33/33 MP: 3/3
   865 | D:1      | Found a faded altar of an unknown god.
  1295 | D:2      | Noticed Sigmund
  1324 | D:2      | Killed from afar by Sigmund

Illustrated notes

Levels and vault maps discovered:
D:1:      shiori_shiawase, layout_rooms, serial_rivers,
          chequers_serial_rivers_small_b, chequers_serial_rivers_small_3,
          chequers_serial_rivers_large_a, chequers_serial_rivers_micro_c,
          chequers_serial_rivers_micro_b, shapermc_ecumenical_altar_hornbeckon,
          serial_shops, shop
D:2:      layout_basic, kennysheep_generic_room_6, uniq_natasha, uniq_sigmund

Skill      XL: |  1  2 |
---------------+-------+-----
Fighting       | 4 |  4.1
Axes           | |  4.5
Dodging        | |  2.7
Stealth        | |  1.7

Action                   || total
-------------------------++-------
Melee: Hand axe          ||    68
       Punch             ||     1
  Use: Potion            ||     1
 Stab: Sleeping          ||     1
Armor: Robe              ||    17
Dodge: Dodged            ||    33
